 Dungeon Crawl Stone Soup version 0.29.0-11-gd7f09526c8 (webtiles) character file.

Game seed: 17997037900477509238

96 Strat the Chopper (level 4, -2/55 HPs)
             Began as a Minotaur Gladiator on Sept 2, 2022.
             Slain by a gnoll
             ... wielding a +0 flail
              (7 damage)
             ... on level 3 of the Dungeon.
             The game lasted 00:03:17 (682 turns).

Strat the Chopper (Minotaur Gladiator)               Turns: 682, Time: 00:03:18

Health: -2/55      AC:  5    Str: 20    XL:     4   Next: 41%
Magic:  3/3        EV: 11    Int:  5    God:
Gold:   26         SH:  0    Dex: 12    Spells: 3/3 levels left

rFire   . . .      SeeInvis .   a - +0 broad axe
rCold   . . .      Faith    .   (no shield)
rNeg    . . .      Spirit   .   i - +0 ring mail
rPois   .          Reflect  .   c - +0 hat
rElec   .          Harm     .   (no cloak)
rCorr   .          Rampage  .   (no gloves)
Will    .....                   (no boots)
Stlth   ..........              (no amulet)
HPRegen 0.18/turn               (no ring)
MPRegen 0.08/turn               (no ring)

@: berserking, very quick
A: horns 2, retaliatory headbutt
a: no special abilities


You were on level 3 of the Dungeon.
You visited 1 branch of the dungeon, and saw 3 of its levels.

You collected 26 gold pieces.

Inventory:

Hand Weapons
 a - a +0 broad axe (weapon)
 h - a +0 war axe
Missiles
 d - 3 throwing nets (quivered)
 e - a javelin
 j - 10 poisoned darts
Armour
 b - a +0 leather armour
 c - a +0 hat (worn)
 i - a +0 ring mail (worn)
 k - a +0 plate armour
Scrolls
 g - a scroll of blinking {unknown}
 l - a scroll of enchant armour {unknown}
 m - a scroll of fog {unknown}
 o - a scroll of vulnerability {unknown}
 p - a scroll of enchant weapon {unknown}
Potions
 f - a potion of berserk rage
 n - a potion of curing {unknown}


   Skills:
 + Level 2.7 Fighting
 + Level 6.1 Axes
 - Level 2.0 Throwing
 + Level 0.9 Armour
 - Level 3.2 Dodging


You had 3 spell levels left.
You didn't know any spells.
Your spell library contained the following spells:

 Spells                   Type           Power      Damage    Failure   Level
 Slow                     Hex            0%         N/A       65%         1
 Confusing Touch          Hex            0%         N/A       95%         3
 Frozen Ramparts          Ice            0%         1d1       95%         3
 Vampiric Draining        Necr           0%         2d6       95%         3
 Ice Form                 Ice/Tmut       0%         N/A       100%        4
 Summon Ice Beast         Ice/Summ       0%         N/A       100%        4


Dungeon Overview and Level Annotations

Branches:
Dungeon (3/15)

Altars:


Innate Abilities, Weirdness & Mutations

You have a pair of horns on your head.
You reflexively headbutt those who attack you in melee.


Message History

The gnoll hits you with a +0 flail!
* * * LOW HITPOINT WARNING * * *
You see here a +0 spear.
You closely miss the gnoll. The gnoll closely misses you.
You furiously retaliate!
You headbutt the gnoll. You barely miss the gnoll.
The gnoll is lightly wounded.
The gnoll closely misses you.
You slash the gnoll! You headbutt the gnoll.
You kill the gnoll!
Things that are here:
a +0 flail; a gnoll corpse You see here a +0 spear.
A kobold comes into view. It is wielding a +0 club.
Found a glowing ring mail.
The kobold closely misses you.
You slash the kobold!
You kill the kobold!
You see here a +0 club.
A gnoll comes into view. It is wielding a +0 flail.
The gnoll shouts!
The gnoll barely misses you.
The gnoll moves out of view.
The gnoll misses you.
You closely miss the gnoll. The gnoll hits you with a +0 halberd!
* * * LOW HITPOINT WARNING * * *
You slash the gnoll! Your headbutt misses the gnoll.
You punch the gnoll, but do no damage.
The gnoll is severely wounded.
The gnoll hits you with a +0 halberd.
* * * LOW HITPOINT WARNING * * *
Unknown command.
It was a potion of berserk rage.
A red film seems to cover your vision as you go berserk!
You feel yourself moving faster!
You feel mighty! The gnoll closely misses you.
You slash the gnoll!
You kill the gnoll!
You closely miss the gnoll. The gnoll hits you with a +0 flail!
* * * LOW HITPOINT WARNING * * *
The gnoll hits you with a +0 flail!
You die...

....## ######
#........ #####
########. ..... #.
..... ######+### #.
##### #......... #.
#......... #.
#......... #.
###[g....... #.
#...@# #. ######
### #....# #.
......
....#....####### #.
#. ......
................. g
.. ######
######....#########
g# #. ......
+.....#...g..#
.###. ......
#.....#.####.#
..... ......
#####.#.# #.# #>..
############ #)#)#
#g####.#


You could see a gnoll.

Vanquished Creatures
  2 adders
  3 gnolls (D:3)
  An orc (D:3)
  4 endoplasms
  2 giant cockroaches
  3 goblins
  A hobgoblin (D:2)
  10 jackals (D:3)
  3 quokkas
  3 ball pythons
  5 bats
  5 frilled lizards
  2 kobolds
  2 rats
46 creatures vanquished.

Notes
Turn   | Place    | Note
-------+----------+-------------------------------------------
     0 | D:1      | Strat the Minotaur Gladiator began the quest for the Orb.
     0 | D:1      | Reached XP level 1. HP: 18/18 MP: 0/0
    36 | D:1      | Found a faded altar of an unknown god.
    58 | D:1      | Reached skill level 4 in Axes
    85 | D:1      | Reached XP level 2. HP: 23/25 MP: 1/1
   260 | D:2      | Reached skill level 5 in Axes
   260 | D:2      | Reached XP level 3. HP: 30/30 MP: 2/2
   631 | D:3      | Reached skill level 6 in Axes
   631 | D:3      | Reached XP level 4. HP: 24/37 MP: 3/3
   682 | D:3      | Slain by a gnoll

Illustrated notes

Levels and vault maps discovered:
D:1:      ebering_trefoil_twist, layout_rooms, serial_glass, glass_columns_a,
          glass_columns_c, due_unseen_surprise,
          hellmonk_ecumenical_altar_zigzags, corexii_leaking_fountain,
          minmay_bisected
D:2:      layout_rooms
D:3:      layout_basic

Skill      XL: |  1  2  3 |
---------------+----------+-----
Axes           | 4 5 6 |  6.1
Fighting       | |  2.7
Throwing       | |  2.0
Armour         | |  0.9
Dodging        | |  3.2

Action                   |  1- 3 |  4- 6 || total
-------------------------+-------+-------++-------
Melee: War axe           |    13 |       ||    13
       Headbutt          |     7 |     1 ||     8
       Broad axe         |    57 |     7 ||    64
       Punch             |       |     1 ||     1
  Use: Potion            |       |     1 ||     1
Armor: Leather armour    |     8 |       ||     8
       Ring mail         |    20 |       ||    20
Dodge: Dodged            |    65 |     6 ||    71
